 Dungeon Crawl Stone Soup version 0.25.1-2-g60ff931df9 (webtiles) character file.

Game seed: 2552096720059038320

3628 funkygono the Basher (level 9, -2/81 HPs)
             Began as a Minotaur Fighter on Nov 2, 2020.
             Was an Initiate of Ru.
             Slain by a two-headed ogre
             ... wielding a +0 giant spiked club
              (22 damage)
             ... on level 8 of the Dungeon.
             The game lasted 00:13:27 (5623 turns).

funkygono the Basher (Minotaur Fighter)             Turns: 5623, Time: 00:13:28

Health: -2/81      AC: 14    Str: 23    XL:     9   Next: 87%
Magic:  8/8        EV:  6    Int:  5    God:    Ru [......]
Gold:   295        SH: 11    Dex: 11    Spells: 8/8 levels left

rFire    . . .     SeeInvis .   a - +5 flail
rCold    + . .     Gourm    .   c - +0 kite shield
rNeg     . . .     Faith    .   y - +0 plate armour
rPois    +         Spirit   .   (helmet restricted)
rElec    .         Reflect  .   s - +0 cloak
rCorr    .         Harm     .   (no gloves)
MR       .....                  (no boots)
Stlth    ..........             o - amulet of regeneration
HPRegen  0.63/turn              h - ring of poison resistance
MPRegen  0.11/turn              F - ring of protection from cold

@: no status effects
A: retaliatory headbutt, horns 2
a: Renounce Religion


You were on level 8 of the Dungeon.
You worshipped Ru.
Ru was noncommittal.
You were not hungry.

You visited 2 branches of the dungeon, and saw 9 of its levels.

You collected 295 gold pieces.

Inventory:

Hand Weapons
 a - a +5 flail (weapon)
 b - a +0 hunting sling
 B - a +0 flail
Missiles
 e - 7 boomerangs (quivered)
 m - 206 stones
 p - 67 sling bullets
 r - 8 bolts
Armour
 c - a +0 kite shield (worn)
 s - a +0 cloak (worn)
 y - a +0 plate armour (worn)
Jewellery
 h - a ring of poison resistance (left hand)
 k - an uncursed ring of stealth
 o - an amulet of regeneration (around neck)
 F - a ring of protection from cold (right hand)
Wands
 q - a wand of polymorph (7)
 u - a wand of random effects (18)
 z - a wand of paralysis (12)
 A - a wand of clouds (6)
 I - a wand of iceblast (8)
Scrolls
 g - 2 scrolls of identify
 i - 9 scrolls of remove curse
 t - 7 scrolls of teleportation
 x - a scroll of fear
 G - a scroll of fog
 H - a scroll of amnesia
Potions
 d - 2 potions of might
 j - a potion of flight
 l - 6 potions of curing
 n - a potion of haste
 v - 2 potions of berserk rage
 w - a potion of magic
 E - a potion of heal wounds
Comestibles
 f - 15 rations
 C - 4 chunks of flesh


   Skills:
 + Level 7.8 Fighting
 + Level 9.9 Maces & Flails
 + Level 5.5 Slings
 + Level 7.8 Armour
 + Level 3.0 Dodging
 + Level 0.6 Stealth
 + Level 7.6 Shields


You had 8 spell levels left.
You didn't know any spells.
Your spell library contained the following spells:

 Spells                   Type           Power        Failure   Level  Hunger
 Animate Skeleton         Necr           N/A          100%        1    ##.....
 Apportation              Tloc           #.....       100%        1    ##.....
 Beastly Appendage        Tmut           #.....       100%        1    ##.....
 Corona                   Hex            #......      100%        1    ##.....
 Magic Dart               Conj           #...         100%        1    ##.....
 Summon Small Mammal      Summ           #...         100%        1    ##.....
 Blink                    Tloc           N/A          100%        2    ###....
 Call Imp                 Summ           #.......     100%        2    ###....
 Slow                     Hex            #.......     100%        2    ###....
 Sticks to Snakes         Tmut           #.......     100%        2    ###....
 Conjure Flame            Conj/Fire      #.......     100%        3    ####...
 Mephitic Cloud           Conj/Pois/Air  #.......     100%        3    ####...
 Spider Form              Tmut/Pois      #.........   100%        3    ####...
 Ice Form                 Ice/Tmut       #.......     100%        4    #####..
 Blade Hands              Tmut           #.........   100%        5    ######.


Dungeon Overview and Level Annotations

Branches:
Dungeon (8/15)             Temple (1/1) D:7
   Lair: D:8-11

Altars:
Ashenzari
Cheibriados
Elyvilon
Fedhas
Gozag
Hepliaklqana
Kikubaaqudgha
Makhleb
Nemelex Xobeh
Okawaru
Qazlal
Ru
Sif Muna
Trog
Uskayaw
Vehumet
Wu Jian
Xom
Yredelemnul
Zin
The Shining One


Innate Abilities, Weirdness & Mutations

You reflexively headbutt those who attack you in melee.
You have a pair of horns on your head.


Message History

The two-headed ogre is heavily wounded.
You thump the two-headed ogre!
Your headbutt misses the two-headed ogre.
The two-headed ogre is heavily wounded.
The two-headed ogre completely misses you.
The two-headed ogre hits you with a +0 giant spiked club!
Your plate armour prevents you from hitting the two-headed ogre.
You headbutt the two-headed ogre.
The two-headed ogre is heavily wounded.
The two-headed ogre hits you but does no damage.
The two-headed ogre hits you with a +0 giant spiked club!!
You bludgeon the two-headed ogre!!
The two-headed ogre is almost dead.
The sentinel's mark upon you fades away.
You hit the two-headed ogre but do no damage.
The two-headed ogre is almost dead.
The two-headed ogre hits you with a +0 giant spiked club!
* * * LOW HITPOINT WARNING * * *
The two-headed ogre hits you with a +0 giant spiked club!!
You die...

#........#.....
#..............
##..............
#...............
###............
######...........
#...#....##.....
#...#...## ....
##@#....## ..
##O#.....#
#........##
#..#......#
#####.....#
##.(..... ....##.
....((. .....#(


You could see a two-headed ogre.

Vanquished Creatures
  Harold (D:8)
  A wyvern (D:6)
  Edmund (D:5)
  2 ice beasts
  An orc warrior (D:5)
  2 ogres (D:4)
  4 phantoms
  2 necrophages
  A centaur (D:7)
  A big kobold (D:7)
  4 bullfrogs
  A wyvern skeleton (D:7)
  4 wights (D:7)
  3 crimson imps
  A centaur zombie (D:8)
  3 bullfrog zombies
  3 hounds
  2 bullfrog skeletons
  An orc priest (D:6)
  2 orc wizards
  2 iguanas
  9 worker ants
  Natasha (thrice) (D:2)
  A hound skeleton (D:7)
  Robin (D:2)
  A worker ant zombie (D:7)
  3 gnolls (D:4)
  9 adders
  A shadow imp (D:8)
  An ooze (D:4)
  2 adder zombies
  2 worms
  3 dart slugs
  5 leopard geckos
  14 orcs
  2 ball pythons
  7 bats
  3 giant cockroaches
  8 goblins
  7 hobgoblins
  3 jackals (D:5)
  14 kobolds
  6 quokkas
  7 frilled lizards
  A quokka skeleton (D:8)
  A quokka zombie (D:5)
  6 rats
162 creatures vanquished.

Notes
Turn   | Place    | Note
-------+----------+-------------------------------------------
     0 | D:1      | funkygono the Minotaur Fighter began the quest for the Orb.
     0 | D:1      | Reached XP level 1. HP: 19/19 MP: 0/0
   226 | D:1      | Reached XP level 2. HP: 18/27 MP: 1/1
   403 | D:1      | Reached skill level 3 in Maces & Flails
   602 | D:2      | Noticed Natasha
   610 | D:2      | Killed Natasha
   610 | D:2      | Reached XP level 3. HP: 12/33 MP: 2/2
   668 | D:2      | Noticed Natasha
   679 | D:2      | Killed Natasha
   679 | D:2      | Reached XP level 4. HP: 18/41 MP: 3/3
   821 | D:2      | Reached skill level 1 in Dodging
   884 | D:2      | Noticed Natasha
   893 | D:2      | Killed Natasha
   893 | D:2      | Reached skill level 4 in Maces & Flails
  1181 | D:2      | Noticed Robin
  1201 | D:2      | Killed Robin
  1201 | D:2      | Reached XP level 5. HP: 39/47 MP: 4/4
  1721 | D:3      | Found an iron altar of Okawaru.
  1769 | D:3      | Found a shattered altar of Ashenzari.
  1969 | D:4      | Noticed a phantom
  2010 | D:4      | Killed a phantom
  2073 | D:4      | Reached XP level 6. HP: 47/55 MP: 5/5
  2179 | D:4      | Reached skill level 5 in Fighting
  2245 | D:4      | Reached skill level 5 in Maces & Flails
  2245 | D:4      | Reached skill level 5 in Shields
  2411 | D:4      | Reached skill level 5 in Armour
  2633 | D:4      | Reached XP level 7. HP: 61/61 MP: 6/6
  3007 | D:4      | Found a sparkling altar of Nemelex Xobeh.
  3025 | D:5      | Entered Level 5 of the Dungeon
  3046 | D:5      | Reached skill level 6 in Maces & Flails
  3219 | D:5      | Reached skill level 7 in Maces & Flails
  3219 | D:5      | Reached XP level 8. HP: 65/70 MP: 7/7
  3399 | D:5      | Noticed Edmund
  3409 | D:5      | Killed Edmund
  3696 | D:5      | Reached skill level 8 in Maces & Flails
  3910 | D:6      | Found a radiant altar of Vehumet.
  3927 | D:6      | Found a stormy altar of Qazlal.
  3974 | D:6      | You fall into a shaft and drop 1 floor!
  4209 | D:6      | Reached skill level 9 in Maces & Flails
  4462 | D:6      | Found a basalt altar of Yredelemnul.
  4537 | D:6      | Found a bloodstained altar of Trog.
  4730 | D:6      | Found a white marble altar of Elyvilon.
  4736 | D:6      | Found a sparkling altar of Nemelex Xobeh.
  4824 | D:7      | Reached XP level 9. HP: 79/79 MP: 8/8
  4866 | D:7      | Reached skill level 1 in Slings
  4991 | D:7      | Found a staircase to the Ecumenical Temple.
  5058 | Temple   | Entered the Ecumenical Temple
  5096 | Temple   | Became a worshipper of Ru the Awakened
  5442 | D:8      | Noticed Harold
  5550 | D:8      | Killed Harold
  5550 | D:8      | Reached skill level 5 in Slings
  5604 | D:8      | Noticed a two-headed ogre
  5623 | D:8      | Slain by a two-headed ogre

Illustrated notes

Levels and vault maps discovered:
D:1:      co_arrival_square_in_a_square_in_a_square, layout_basic
D:2:      layout_basic, uniq_natasha, uniq_robin
D:3:      layout_rooms, okawaru_ov_weapons_minmay, cheibrodos_ashenzari_chains,
          first_ration
D:4:      layout_gridville, nemelex_dance_club_becter
D:5:      layout_loops_ring, uniq_edmund
D:6:      layout_loops_ring, nicolae_overflow_quartered_altars,
          amethyst_overflow_temple_binary
D:7:      layout_rooms, minmay_temple_entry_glass
D:8:      layout_cave_pools, david_nohive_1, nicolae_xom_altar_mimics,
          uniq_harold
Temple:   nicolae_temple_god_jail

Skill      XL: |  1  2  3  4  5  6  7  8  9 |
---------------+----------------------------+-----
Maces & Flails | 3 4 5 7 9 |  9.9
Fighting       | 4 5 7 |  7.8
Armour         | 4 5 6 7 |  7.8
Shields        | 4 5 6 7 |  7.6
Dodging        | 1 2 3 |  3.0
Slings         | 5 |  5.5
Stealth        | |  0.6

Action                   |  1- 3 |  4- 6 |  7- 9 || total
-------------------------+-------+-------+-------++-------
Melee: Flail             |    64 |   142 |   375 ||   581
       Headbutt          |    12 |    21 |    73 ||   106
 Fire: Hunting sling     |       |       |    61 ||    61
Throw: Boomerang         |     1 |    36 |    28 ||    65
  Use: Scroll            |     4 |     4 |     7 ||    15
 Stab: Sleeping          |       |       |     1 ||     1
  Eat: Chunk             |       |     5 |    11 ||    16
Armor: Scale mail        |    39 |    47 |    23 ||   109
       Skin              |       |     1 |       ||     1
       Plate armour      |       |       |   135 ||   135
Dodge: Dodged            |    28 |    46 |    88 ||   162
Block: Kite shield       |    48 |    72 |   173 ||   293
